 Dungeon Crawl Stone Soup version 0.23.0 (webtiles) character file.

Game seed: 8735971243604352741

1 Gorice the Shield-Bearer (level 1, -3/14 HPs)
             Began as a Halfling Wanderer on Feb 9, 2019.
             Slain by a leopard gecko (4 damage)
             ... on level 1 of the Dungeon.
             The game lasted 00:00:59 (31 turns).

Gorice the Shield-Bearer (Halfling Wanderer)          Turns: 31, Time: 00:00:59

Health: -3/14      AC:  2    Str: 13    XL:     1   Next: 22%
Magic:  3/3        EV: 11    Int: 10    God:
Gold:   14         SH:  8    Dex: 13    Spells: 2/3 levels left

rFire    . . .     SeeInvis .   e - +0 club
rCold    . . .     Gourm    .   a - +0 shield
rNeg     . . .     Faith    .   d - +0 robe
rPois    .         Spirit   .   (no helmet)
rElec    .         Reflect  .   (no cloak)
rCorr    .         Harm     .   (no gloves)
MR       .....                  (no boots)
Stlth    ++........             (no amulet)
HPRegen  0.04/turn              (no ring)
MPRegen  0.08/turn              (no ring)

@: no status effects
A: small, mutation resistance 1
a: no special abilities


You were on level 1 of the Dungeon.
You were not hungry.

You visited 1 branch of the dungeon, and saw 1 of its levels.

You collected 14 gold pieces.

Inventory:

Hand Weapons
 e - a +0 club (weapon)
Armour
 a - a +0 shield (worn)
 d - a +0 robe (worn)
Potions
 c - a potion of curing
Comestibles
 b - a chunk of flesh
 f - a ration


   Skills:
 + Level 1.9 Fighting
   Level 1.0 Polearms
 - Level 1.1 Dodging
 - Level 1.1 Stealth
 - Level 2.1 Shields
 - Level 1.5 Spellcasting
   Level 1.0 Poison Magic


You had 2 spell levels left.
You knew the following spells:

 Your Spells              Type           Power        Failure   Level  Hunger
a - Flame Tongue          Conj/Fire      #....        88%         1    ##.....

Your spell library contained the following spells:

 Spells                   Type           Power        Failure   Level  Hunger
 Ignite Poison            Fire/Tmut/Pois #.......     99%         3    ####...


Dungeon Overview and Level Annotations

Branches:
Dungeon (1/15)

Altars:


Innate Abilities, Weirdness & Mutations

You are small and have problems with some larger weapons.
You are somewhat resistant to further mutation.


Message History

No target in view!
No target in view!
A rat comes into view.
You see here a rat corpse.
You butcher the rat corpse.
Things that are here:
a chunk of flesh; a rat skeleton
b - a chunk of flesh A leopard gecko comes into view.
The leopard gecko hisses angrily.
The rat barely misses you.
Found 6 gold pieces.
You hit the rat but do no damage.
The rat twitches its whiskers.
The rat misses you.
You hit the rat.
You kill the rat!
The leopard gecko bites you. x2
Damage: 4 (max 4)
You barely miss the leopard gecko. You block the leopard gecko's attack.
You closely miss the leopard gecko. The leopard gecko bites you.
* * * LOW HITPOINT WARNING * * *
The leopard gecko barely misses you.
Damage: 5 (max 5)
You are too injured to fight recklessly!
You are too injured to fight recklessly!
You are too injured to fight recklessly!
You are too injured to fight recklessly!
You are too injured to fight recklessly!
You feel better. You block the leopard gecko's attack.
You barely miss the leopard gecko. The leopard gecko barely misses you.
The leopard gecko closely misses you.
You closely miss the leopard gecko.
The leopard gecko completely misses you.
The leopard gecko bites you.
Damage: 2 (max 5)
You hit the leopard gecko.
The leopard gecko is moderately wounded.
The leopard gecko barely misses you.
You hit the leopard gecko but do no damage.
The leopard gecko is moderately wounded.
The leopard gecko barely misses you. The leopard gecko bites you.
* * * LOW HITPOINT WARNING * * *
Damage: 4 (max 5)
You closely miss the leopard gecko.
The leopard gecko is moderately wounded.
The leopard gecko bites you.
* * * LOW HITPOINT WARNING * * *
The leopard gecko bites you.
You die...

≈≈.# .#.### ####
###...##....≈##
...##≈...........≈#
##...##............##
##..........≈≈≈......#
#..........≈...≈..$..#
..##.>.......≈.<.≈......
....$........≈...≈......
......†@......≈≈≈.......
.#..##l##.÷...........#
#$ #≈...........## #.
###.........≈≈# ..
#≈≈#.####..≈≈≈# ##
###### ######


You could see a leopard gecko.

Vanquished Creatures
  2 rats (D:1)
2 creatures vanquished.

Notes
Turn   | Place    | Note
-------+----------+-------------------------------------------
     0 | D:1      | Gorice the Halfling Wanderer began the quest for the Orb.
     0 | D:1      | Gorice set off with the following items: a +0 shield, a
                  | potion of curing, a +0 robe, a +0 club, a ration; and the
                  | following spell memorised: Flame Tongue; and the following
                  | spells available to memorise: Ignite Poison
     0 | D:1      | Reached XP level 1. HP: 14/14 MP: 3/3
    25 | D:1      | HP: 3/14 [leopard gecko (5)]
    30 | D:1      | HP: 2/14 [leopard gecko (4)]
    31 | D:1      | Slain by a leopard gecko

Action                   || total
-------------------------++-------
Melee: Club              ||    13
  Use: Potion            ||     1
Dodge: Dodged            ||     9
Block: Shield            ||     4

Table legend:
 A = Turns spent in this place as a percentage of turns spent in the entire game.
 B = Non-inter-level travel turns spent in this place as a percentage of non-inter-level travel turns spent in the entire game.
 C = Inter-level travel turns spent in this place as a percentage of turns spent in this place.
 D = Turns resting spent in this place as a percentage of non-inter-level travel turns spent in this place.
 E = Turns spent auto-exploring this place as a percentage of non-inter-level travel turns spent in this place.
 F = Non-inter-level travel turns spent in this place divided by the number of levels of this place that you've seen.
                   A       B       C       D       E      F
               +-------+-------+-------+-------+-------+----------------------
         Total | 100.0 | 100.0 |   0.0 |   0.0 |   0.0 |  31.0
       Dungeon | 100.0 | 100.0 |   0.0 |   0.0 |   0.0 |  31.0
               +-------+-------+-------+-------+-------+----------------------

Levels and vault maps discovered:
D:1:      enne_arrival_octagon_isle, layout_loops_ring
